 Dungeon Crawl Stone Soup version 0.31-a0-765-g67fe2935dc (webtiles) character file.

Game seed: 6698820195841377320

72 Newt the Trooper (level 4, -1/37 HPs)
             Began as a Demonspawn Gladiator on Sept 15, 2023.
             Slain by Grinder (6 damage)
             ... on level 3 of the Dungeon.
             The game lasted 00:01:46 (1788 turns).

Newt the Trooper (Demonspawn Gladiator)             Turns: 1788, Time: 00:01:46

Health: -1/37      AC:  4    Str: 14 (16) XL:     4   Next: 7%
Magic:  4/4        EV: 12    Int:  7 (9)  God:
Gold:   51         SH:  0    Dex: 14 (17) Spells: 3/3 levels left

rFire   . . .        a - +0 rapier
rCold   . . .        (no shield)
rNeg    . . .        b - +0 leather armour
rPois   .            c - +0 helmet
rElec   .            (no cloak)
rCorr   .            (no gloves)
SInv    .            (no boots)
Will    .....        (no amulet)
Stlth   ++           (no ring)
HPRegen 0.26/turn    (no ring)
MPRegen 0.09/turn

%: no passive effects
@: no status effects
A: claws 1, thin skeletal structure 1, spiny 1
a: no special abilities


You were on level 3 of the Dungeon.
You visited 1 branch of the dungeon, and saw 3 of its levels.

You collected 87 gold pieces.
You spent 36 gold pieces at shops.

Inventory:

Hand Weapons
 a - a +0 rapier (weapon)
Missiles
 d - 3 throwing nets (quivered)
 e - a javelin
 f - 6 poisoned darts
Armour
 b - a +0 leather armour (worn)
 c - a +0 helmet (worn)
Potions
 g - a potion of attraction
 h - 2 potions of might
 i - a potion of mutation {unknown}
 k - a potion of lignification


   Skills:
 - Level 4.0 Fighting
 - Level 2.6 Short Blades
 - Level 1.7 Throwing
 + Level 3.2 Dodging


You had 3 spell levels left.
You didn't know any spells.
Your spell library was empty.

Dungeon Overview and Level Annotations

Branches:
Dungeon (3/15)

Altars:
Xom

Shops:
D:1 !

Annotations:
D:3 Grinder


Innate Abilities, Weirdness & Mutations

You have sharp fingernails.
You have a somewhat thin skeletal structure. (Dex +2, Stealth+)
You are partially covered in sharp spines.


Message History

No target in view!
No target in view!
No target in view!
Things that are here:
a +0 club; a +0 sling; a goblin corpse Key pressed, stopping explore.
Grinder comes into view.
Grinder shouts!
You hit Grinder.
Grinder is lightly wounded.
Grinder hits you but does no damage.
You barely miss Grinder.
Grinder is lightly wounded.
Grinder hits you but does no damage.
You completely miss Grinder.
Grinder is lightly wounded.
Grinder is struck by your spines. Grinder hits you.
You completely miss Grinder.
Grinder is moderately wounded.
Grinder gestures at you. Pain shoots through your body!
Unknown command.
You closely miss Grinder.
Grinder is moderately wounded.
Grinder hits you!
You writhe in agony.
You hit Grinder.
Grinder is moderately wounded.
Grinder gestures at you. Pain shoots through your body!
You hit Grinder.
Grinder is heavily wounded.
Grinder gestures at you. Pain shoots through your body!
* * * LOW HITPOINT WARNING * * *
It was a potion of degeneration.
There was something very wrong with that liquid.
You feel weakened.
You feel dopey.
You feel clumsy. Grinder is struck by your spines. Grinder hits you.
You die...
Grinder says, "Now the real fun starts!"

#.# #....#..# #.#
#.####....#..######)#####
#.#..+....'.............#
#.#.##....#########.##.##
#.#.##..............##.#
#.#.##.###########..##.#
..#.##.# .........##.#
.......# ##########.##.#
........<......5@......#
......#############.####
......+ .... ......#
.#### ......# .. ......#
## ###...# ##.


You could see Grinder.

Vanquished Creatures
  Jessica (D:2)
  A worm (D:2)
  5 ball pythons
  3 bats (D:1)
  5 endoplasms
  4 giant cockroaches
  7 goblins
  3 hobgoblins (D:1)
  2 kobolds
  2 quokkas
  4 rats (D:1)
37 creatures vanquished.

Notes
Turn   | Place    | Note
-------+----------+-------------------------------------------
     0 | D:1      | Newt the Demonspawn Gladiator began the quest for the Orb.
     0 | D:1      | Reached XP level 1. HP: 16/16 MP: 1/1
   183 | D:1      | Gained mutation: You are partially covered in sharp spines.
                  | [demonic ancestry]
   183 | D:1      | Reached XP level 2. HP: 18/23 MP: 2/2
   380 | D:1      | Reached skill level 3 in Fighting
   472 | D:1      | Found Unaraike's Distillery.
   884 | D:2      | Gained mutation: You have sharp fingernails. [demonic
                  | ancestry]
   884 | D:2      | Reached XP level 3. HP: 29/29 MP: 3/3
   899 | D:2      | Noticed Jessica
   905 | D:2      | Killed Jessica
   906 | D:2      | Reached skill level 4 in Fighting
  1133 | D:2      | Found a shimmering altar of Xom.
  1492 | D:1      | Bought a potion of lignification for 36 gold pieces
  1573 | D:3      | Gained mutation: You have a somewhat thin skeletal
                  | structure. (Dex +2, Stealth+) [demonic ancestry]
  1573 | D:3      | Reached XP level 4. HP: 37/37 MP: 4/4
  1777 | D:3      | Noticed Grinder
  1788 | D:3      | Slain by Grinder

Illustrated notes

Levels and vault maps discovered:
D:1:      eino_arrival_druids_welcome, layout_basic, serial_shops,
          nicolae_shop_tiny_statue_garden, minmay_pentomino_r4
D:2:      layout_loops_ring, basic_altar, serial_bayou_pond_a, uniq_jessica
D:3:      layout_basic, uniq_grinder

Skill      XL: |  1  2  3 |
---------------+----------+-----
Fighting       | 3 4 |  4.0
Dodging        | 3 |  3.2
Short Blades   | |  2.6
Throwing       | |  1.7

Action                     |  1- 3 |  4- 6 || total
---------------------------+-------+-------++-------
  Melee: Rapier            |    85 |    18 ||   103
    Use: Scroll            |     3 |       ||     3
         Potion            |       |     1 ||     1
 Armour: Leather armour    |    38 |    10 ||    48
  Dodge: Dodged            |    50 |     6 ||    56

Table legend: (Time is in decaauts)
 A = Elapsed time spent in this place.
 B = Non-inter-level travel time spent in this place.
 C = Inter-level travel time spent in this place.
 D = Time resting spent in this place.
 E = Time spent auto-exploring this place.
 F = Levels seen in this place.
 G = Mean time per level.
                   A        B        C        D        E       F      G
               +--------+--------+--------+--------+--------+-----+--------+
         Total |   1795 |   1647 |    148 |      0 |   1388 |   3 |  598.3 |
       Dungeon |   1795 |   1647 |    148 |      0 |   1388 |   3 |  598.3 |
               +--------+--------+--------+--------+--------+-----+--------+

Top non-repeatable levels by time:
     D:1: 872 daAuts
     D:2: 669 daAuts
     D:3: 253 daAuts
